 Dungeon Crawl Stone Soup version 0.30-a0-4-ga7cffc901d (webtiles) character file.

Game seed: 17128320704582785501

29 Setbun the Sneak (level 3, 0/20 HPs)
             Began as a Kobold Enchanter on Aug 20, 2022.
             Slain by a kobold
             ... wielding a +0 club
              (2 damage)
             ... on level 2 of the Dungeon.
             The game lasted 00:01:03 (1332 turns).

Setbun the Sneak (Kobold Enchanter)                 Turns: 1332, Time: 00:01:04

Health: 0/20       AC:  2    Str:  5    XL:     3   Next: 32%
Magic:  6/6        EV: 15    Int: 16    God:
Gold:   88         SH:  0    Dex: 17    Spells: 6/6 levels left

rFire   . . .      SeeInvis .    a - +1 dagger
rCold   . . .      Faith    .    (no shield)
rNeg    . . .      Spirit   .    b - +0 robe
rPois   .          Reflect  .    (no helmet)
rElec   .          Harm     .    (no cloak)
rCorr   .          Rampage  .    (no gloves)
Will    .....                    (no boots)
Stlth   ++++......               (no amulet)
HPRegen 0.06/turn                (no ring)
MPRegen 0.10/turn                (no ring)

@: no status effects
A: small, no large weapons, nightstalker 3
a: no special abilities


You were on level 2 of the Dungeon.
You visited 1 branch of the dungeon, and saw 2 of its levels.

You collected 88 gold pieces.

Inventory:

Hand Weapons
 a - a +1 dagger (weapon)
Armour
 b - a +0 robe (worn)
Jewellery
 f - a ring of wizardry
 g - an amulet of magic regeneration
Scrolls
 d - 3 scrolls of poison {unknown}
 h - a scroll of blinking {unknown}
Potions
 c - 2 potions of invisibility
 e - a potion of degeneration {unknown}


   Skills:
 + Level 1.1 Fighting
 * Level 2.7 Short Blades
 + Level 2.9 Dodging
 + Level 4.4 Stealth
 - Level 2.1 Spellcasting
 - Level 3.0 Hexes


You had 6 spell levels left.
You didn't know any spells.
Your spell library contained the following spells:

 Spells                   Type           Power      Damage    Failure   Level
 Ensorcelled Hibernation  Hex/Ice        12%        N/A       17%         2
 Confusing Touch          Hex            11%        N/A       19%         3
 Tukima's Dance           Hex            11%        N/A       19%         3
 Dazzling Flash           Conj/Hex       12%        N/A       32%         3


Dungeon Overview and Level Annotations

Branches:
Dungeon (2/15)

Altars:


Innate Abilities, Weirdness & Mutations

You are small and have problems with some larger weapons.
You are completely attuned to the shadows.


Message History

You closely miss the jackal.
The jackal bites you. x2; The jackal misses you.
You hit the jackal.
The jackal is severely wounded.
The jackal bites you but does no damage.
The jackal misses you. The jackal bites you. The jackal barely misses you.
The jackal misses you. x2
You closely miss the jackal.
The jackal is severely wounded.
The jackal closely misses you. The jackal bites you. x2
You hit the jackal but do no damage.
The jackal is severely wounded.
The jackal completely misses you.
A kobold comes into view. It is wielding a +0 club.
The jackal barely misses you. The jackal misses you.
The jackal attacks as you move away! The jackal closely misses you.
The jackal barely misses you.
The kobold throws a stone.
The stone barely misses you.
The jackal bites you but does no damage.
The jackal attacks as you move away! The jackal closely misses you.
The jackal attacks as you move away!
The jackal bites you but does no damage.
The jackal bites you.
* * * LOW HITPOINT WARNING * * *
The jackal closely misses you. The jackal attacks as you move away!
The jackal completely misses you. The jackal attacks as you move away!
The jackal closely misses you. x3
The jackal attacks as you move away!
The jackal bites you but does no damage.
The jackal bites you.
* * * LOW HITPOINT WARNING * * *
The jackal attacks as you move away! The jackal bites you.
* * * LOW HITPOINT WARNING * * *
The jackal attacks as you move away! The jackal completely misses you.
Found a stone staircase leading down.
The jackal attacks as you move away! The jackal misses you.
The jackal attacks as you move away!
The jackal bites you but does no damage.
The kobold closely misses you. The jackal barely misses you.
The kobold hits you with a +0 club.
You die...

> .... .# ....
##.# ...###..#
. #...h..#..
######.h##.....
.....#.h.K....#
.......#@h....#
.....#........#
...†..........#
...$.:.#......#
............#.
.....#.#..#..
.......#...#
....#. .#. .#.
.


You could see 3 jackals and a kobold.

Vanquished Creatures
  4 endoplasms
  2 giant cockroaches (D:1)
  3 goblins (D:1)
  2 hobgoblins
  2 jackals (D:1)
  2 kobolds (D:1)
  2 quokkas (D:1)
  2 ball pythons (D:1)
  3 bats (D:1)
  A frilled lizard (D:1)
  3 rats (D:1)
26 creatures vanquished.

Vanquished Creatures (others)
  2 withered plants (D:1)
2 creatures vanquished.

Grand Total: 28 creatures vanquished

Notes
Turn   | Place    | Note
-------+----------+-------------------------------------------
     0 | D:1      | Setbun the Kobold Enchanter began the quest for the Orb.
     0 | D:1      | Reached XP level 1. HP: 10/10 MP: 3/3
   152 | D:1      | Reached XP level 2. HP: 16/16 MP: 5/5
   837 | D:1      | Reached XP level 3. HP: 20/20 MP: 6/6
   869 | D:1      | Reached skill level 1 in Fighting
  1162 | D:1      | Found a faded altar of an unknown god.
  1332 | D:2      | Slain by a kobold

Illustrated notes

Levels and vault maps discovered:
D:1:      tarquinn_simple_flora_water_c, layout_loops_cross,
          ebering_ecumenical_altar_petrified, chequers_garden
D:2:      layout_rooms, hex_large, uniq_robin

Skill      XL: |  1  2  3 |
---------------+----------+-----
Short Blades   | 2 |  2.7
Fighting       | 1 |  1.1
Dodging        | |  2.9
Stealth        | |  4.4
Spellcasting   | |  2.1
Hexes          | |  3.0

Action                   || total
-------------------------++-------
Melee: Dagger            ||    87
       Punch             ||     1
 Stab: Sleeping          ||     9
       Distracted        ||     1
Armor: Robe              ||    15
Dodge: Dodged            ||    87

Table legend: (Time is in decaauts)
 A = Elapsed time spent in this place.
 B = Non-inter-level travel time spent in this place.
 C = Inter-level travel time spent in this place.
 D = Time resting spent in this place.
 E = Time spent auto-exploring this place.
 F = Levels seen in this place.
 G = Mean time per level.
                   A        B        C        D        E       F      G
               +--------+--------+--------+--------+--------+-----+--------+
         Total |   1322 |   1295 |     27 |    211 |    910 |   2 |  661.0 |
       Dungeon |   1322 |   1295 |     27 |    211 |    910 |   2 |  661.0 |
               +--------+--------+--------+--------+--------+-----+--------+

Top non-repeatable levels by time:
     D:1: 1293 daAuts
     D:2: 28 daAuts
